 Dungeon Crawl Stone Soup version 0.29.1-12-g30fa7ad0bf (webtiles) character file.

Game seed: 15608333535503254497

67 Revguard the Ducker (level 3, 0/27 (28) HPs)
             Began as a Demonspawn Gladiator on Dec 21, 2022.
             Slain by Crazy Yiuf
             ... wielding a +4 quarterstaff of chaos
              (15 damage)
             ... on level 2 of the Dungeon on Dec 22, 2022.
             The game lasted 00:06:28 (2068 turns).

Revguard the Ducker (Demonspawn Gladiator)          Turns: 2068, Time: 00:06:29

HP:   0/27 (28)     AC:  6    Str: 14    XL:     3   Next: 98%
MP:   0/3           EV: 11    Int:  9    God:
Gold: 49            SH:  0    Dex: 16    Spells: 2/2 levels left

rFire   . . .      SeeInvis .   k - +3 dagger
rCold   . . .      Faith    .   (no shield)
rNeg    . . .      Spirit   .   l - +0 ring mail
rPois   .          Reflect  .   c - +0 helmet
rElec   .          Harm     .   (no cloak)
rCorr   .          Rampage  .   (no gloves)
Will    .....                   (no boots)
Stlth   +.........              (no amulet)
HPRegen 0.09/turn               (no ring)
MPRegen 0.08/turn               (no ring)

@: lightly drained
A: demonic guardian 1
a: no special abilities


You were on level 2 of the Dungeon.
You visited 1 branch of the dungeon, and saw 2 of its levels.

You collected 49 gold pieces.

Inventory:

Hand Weapons
 a - a +0 rapier
 k - a +3 dagger (weapon)
Missiles
 d - 3 throwing nets (quivered)
 e - a javelin
Armour
 b - a +0 leather armour
 c - a +0 helmet (worn)
 l - a +0 ring mail (worn)
Jewellery
 h - a +6 ring of intelligence
Wands
 f - a wand of iceblast (8)
Potions
 m - 4 potions of attraction


   Skills:
 + Level 2.4 Fighting
 + Level 2.9 Short Blades
 - Level 2.1 Throwing
 + Level 0.9 Armour
 * Level 3.1 Dodging
 + Level 1.1 Stealth
 + Level 1.3 Invocations
 + Level 0.1 Evocations


You had 2 spell levels left.
You didn't know any spells.
Your spell library was empty.

Dungeon Overview and Level Annotations

Branches:
Dungeon (2/15)

Altars:

Annotations:
D:2 Crazy Yiuf


Innate Abilities, Weirdness & Mutations

A weak demonic guardian rushes to your aid.


Message History

Crazy Yiuf screams, "Goober!"
Could not explore, unopened runed door.
As you read the scroll labelled MOASAUN JID, it crumbles to dust.
You feel aware of your surroundings.
It was a scroll of magic mapping.
It was a potion of magic.
Magic courses through your body.
It was a potion of ambrosia.
You are confused.
You feel invigorated.
You bump into the runed translucent door.
You bump into the runed translucent door.
You bump into the stone wall.
You bump into the rock wall.
You feel less invigorated.
You feel less confused.
You open the door. You hit Crazy Yiuf.
Crazy Yiuf is lightly wounded.
Crazy Yiuf hits you with a +4 quarterstaff of chaos.
You feel drained.
You hit Crazy Yiuf.
Crazy Yiuf is lightly wounded.
Crazy Yiuf barely misses you.
You hit Crazy Yiuf.
Crazy Yiuf is lightly wounded.
Crazy Yiuf closely misses you.
You hit Crazy Yiuf.
Crazy Yiuf is heavily wounded.
Crazy Yiuf says, "Crazy?
Crazy!?
PORCUPINE!"
Crazy Yiuf hits you with a +4 quarterstaff of chaos!
You feel your power leaking away.
You completely miss Crazy Yiuf.
Crazy Yiuf is moderately wounded.
You hit Crazy Yiuf.
Crazy Yiuf is heavily wounded.
Crazy Yiuf screams, "Shadow sing-song poople!"
Crazy Yiuf hits you with a +4 quarterstaff of chaos.
You hit Crazy Yiuf.
Crazy Yiuf is severely wounded.
Crazy Yiuf hits you with a +4 quarterstaff of chaos!
Ouch! That really hurt!
You die...

###############
#.............#
####
#.#############
#..#### ## #.#
##....# #.
#.########
####.###.
#.#.#..#.###**###
##..##.
#.......#..##...#
####......
##......####@g...#
#.........
##....#.## ###..)#
####......
#..†##### **###
###.### #.#.#
#.... #.#.#
###.### #.#.#
##########...###
#...###
#..........#...#
##....#
###.......[.##..
#.##.###
####...####..#..


You could see Crazy Yiuf.

Vanquished Creatures
  An adder (D:1)
  A worm (D:2)
  A dart slug (D:1)
  4 ball pythons
  6 bats
  3 endoplasms
  3 giant cockroaches
  3 goblins
  5 kobolds
  A quokka (D:1)
  4 frilled lizards (D:1)
  3 rats
35 creatures vanquished.

Vanquished Creatures (collateral kills)
  2 adders (D:2)
  A ball python (D:2)
3 creatures vanquished.

Grand Total: 38 creatures vanquished

Notes
Turn   | Place    | Note
-------+----------+-------------------------------------------
     0 | D:1      | Revguard the Demonspawn Gladiator began the quest for the
                  | Orb.
     0 | D:1      | Reached XP level 1. HP: 16/16 MP: 1/1
   313 | D:1      | Gained mutation: A weak demonic guardian rushes to your
                  | aid. [demonic ancestry]
   313 | D:1      | Reached XP level 2. HP: 20/22 MP: 2/2
   529 | D:1      | Found a faded altar of an unknown god.
  1072 | D:2      | Reached skill level 3 in Dodging
  1072 | D:2      | Reached skill level 1 in Invocations
  1072 | D:2      | Reached XP level 3. HP: 8/27 MP: 3/3
  1074 | D:2      | Reached skill level 1 in Stealth
  1908 | D:2      | Found a runed translucent door.
  1909 | D:2      | Noticed Crazy Yiuf
  2068 | D:2      | Slain by Crazy Yiuf

Illustrated notes

Levels and vault maps discovered:
D:1:      lightli_arrival_maybe_door_vault, layout_basic,
          ebering_ecumenical_altar_mist
D:2:      layout_rooms, uniq_crazy_yiuf_cottage

Skill      XL: |  1  2  3 |
---------------+----------+-----
Throwing       | 2 |  2.1
Dodging        | 3 |  3.1
Invocations    | 1 |  1.3
Stealth        | 1 |  1.1
Fighting       | |  2.4
Short Blades   | |  2.9
Armour         | |  0.9
Evocations     | |  0.1

Action                   || total
-------------------------++-------
Melee: Rapier            ||    55
       Dagger            ||    93
       Punch             ||     2
  Use: Scroll            ||     3
       Potion            ||     3
Armor: Leather armour    ||    17
       Ring mail         ||    46
Dodge: Dodged            ||   102
